 Dungeon Crawl Stone Soup version 0.27-a0-1591-gc56fcc985a (webtiles) character file.

Game seed: 9660624485731006709

829 Gwenloh the Purveyor of Pain (level 7, -1/61 HPs)
             Began as a Deep Dwarf Necromancer on July 19, 2021.
             Was an Initiate of Kikubaaqudgha.
             Slain by Gwenloh's ghost (15 damage)
             ... on level 3 of the Dungeon.
             The game lasted 00:29:12 (6364 turns).

Gwenloh the Purveyor of Pain (DDNe)                 Turns: 6364, Time: 00:29:13

Health: -1/61      AC:  4    Str: 11    XL:     7   Next: 65%
Magic:  8/11       EV: 11    Int: 18    God:    Kikubaaqudgha [......]
Gold:   163        SH:  3    Dex: 13    Spells: 5/13 levels left

rFire    . . .     SeeInvis .   a - +2 flail (venom)
rCold    . . .     Faith    .   C - +0 buckler
rNeg     . . .     Spirit   .   f - +0 leather armour
rPois    .         Reflect  .   (no helmet)
rElec    .         Harm     .   u - +0 cloak
rCorr    .         Rampage  .   (no gloves)
Will     +....                  (no boots)
Stlth    ++........             (no amulet)
HPRegen  0.00/turn              (no ring)
MPRegen  0.12/turn              (no ring)

@: studying Hexes
A: damage resistance, heal wounds, sense surroundings 1, no regeneration
a: Heal Wounds, Renounce Religion


You were on level 3 of the Dungeon.
You worshipped Kikubaaqudgha.
Kikubaaqudgha was noncommittal.
You visited 2 branches of the dungeon, and saw 5 of its levels.

You collected 163 gold pieces.

Inventory:

Hand Weapons
 a - a +2 flail of venom (weapon)
 b - a +0 hunting sling
 h - a +0 short sword
 o - a +0 falchion
 t - a +0 whip
 w - a +3 quarterstaff of chaos
 D - a +6 spear
Missiles
 n - 135 stones (quivered)
Armour
 c - a +0 ring mail
 f - a +0 leather armour (worn)
 l - a +0 robe
 u - a +0 cloak (worn)
 C - a +0 buckler (worn)
 E - the +1 chain mail of the Eleven Beggars {Int+6}
   (You took it off an orc on level 3 of the Dungeon)

   Int:       It affects your intelligence (+6).
Jewellery
 B - a ring of ice
Wands
 r - a wand of charming (16)
 A - a wand of acid (7)
Scrolls
 e - 2 scrolls of identify {unknown}
 g - 3 scrolls of magic mapping {unknown}
 i - 3 scrolls of teleportation {unknown}
 j - a scroll of brand weapon {unknown}
 q - a scroll of immolation {unknown}
 s - a scroll of fog {unknown}
 x - a scroll of acquirement {unknown}
 y - a scroll of silence {unknown}
Potions
 d - a potion of curing
 k - a potion of cancellation {unknown}
 m - a potion of might {unknown}
 p - a potion of ambrosia {unknown}
 v - a potion of mutation {unknown}
 z - 2 potions of degeneration {unknown}


   Skills:
 + Level 2.8 Fighting
 - Level 2.0 Armour
 - Level 2.1 Dodging
 - Level 2.4 Stealth
 + Level 0.0 Shields
 + Level 3.9 Spellcasting
 * Level 8.2 Necromancy


You had 5 spell levels left.
You knew the following spells:

 Your Spells              Type           Power      Damage    Failure   Level
a - Pain                  Necr           100%       1d9       1%          1
b - Vampiric Draining     Necr           16%        2d8       3%          3
c - Animate Dead          Necr           16%        N/A       11%         4

Your spell library contained the following spells:

 Spells                   Type           Power      Damage    Failure   Level
 Animate Skeleton         Necr           66%        N/A       1%          1
 Agony                    Necr           33%        N/A       30%         5
 Ensorcelled Hibernation  Hex/Ice        6%         N/A       45%         2
 Spider Form              Tmut/Pois      1%         N/A       69%         3
 Summon Guardian Golem    Hex/Summ       3%         N/A       69%         3
 Fulminant Prism          Conj/Hex       1%         3d6       97%         4
 Iskenderun's Mystic Bla  Conj/Tloc      3%         2d3       97%         4
 Lee's Rapid Deconstruct  Erth           1%         3d5*      100%        5
 Shadow Creatures         Summ           N/A        N/A       100%        6
 Orb of Destruction       Conj           1%         N/A       100%        7
 Spellforged Servitor     Conj/Summ      1%         N/A       100%        7


Dungeon Overview and Level Annotations

Branches:
Dungeon (4/15)             Temple (1/1) D:4

Altars:
Ashenzari
Dithmenos
Elyvilon
Fedhas
Gozag
Hepliaklqana
Kikubaaqudgha
Okawaru
Qazlal
Ru
Sif Muna
Vehumet
Xom
Yredelemnul
The Shining One
Beogh

Shops:
D:3 (

Annotations:
D:3 Gwenloh's ghost, novice MiWr


Innate Abilities, Weirdness & Mutations

You are resistant to damage.
You can heal yourself by infusing magical energy.
You passively map a small area around you.
You do not regenerate.


Message History

You start putting on your armour.
You continue putting on your +0 ring mail. x5
You finish putting on your +0 ring mail.
Okay, then.
You start removing your armour.
You continue taking off your +0 ring mail. x4
You finish taking off your +0 ring mail.
You start putting on your armour.
You continue putting on your +0 leather armour. x5
You finish putting on your +0 leather armour.
You start putting on your armour.
You continue putting on your +0 buckler. x4
You finish putting on your +0 buckler.
Setting a skill training target for Shields at 4.0.
There is a stone staircase leading down here.
You climb downwards.
Level annotation: Gwenloh's ghost, novice MiWr The orc hits you with a +0 short sword.
The orc hits you with a +0 hand axe. You block the orc's attack.
There is a stone staircase leading up here.
Gwenloh's ghost closely misses you. The orc barely misses you.
The orc hits you but does no damage.
You climb upwards.
There is a stone staircase leading down here.
You hit the orc.
The orc is poisoned.
The orc is almost dead.
You kill the orc!
Kikubaaqudgha accepts your kill. Gwenloh's ghost hits you!!
You are electrocuted!!
* * * LOW HITPOINT WARNING * * *
The orc closely misses you.
Casting: Vampiric Draining (dangerous; 3% risk of failure)
Confirm with . or Enter, or press ? or * to list all spells.
Aiming: Vampiric Draining (dangerous; 3% risk of failure)
Press: ? - help, Shift-Dir - straight line, f - orc
Aim: an orc, wielding a +0 short sword and wearing a +0 leather armour You draw life force from the orc.
You feel life coursing into your body. Gwenloh's ghost hits you!
You die...
Kikubaaqudgha rasps: "You have failed me!
Welcome... death!"

#.###########.....########.#####
#...............##.............#
##########......##.#######.....#
#................#.#######.....##
#.########.....................'.
#.# #.......#.............##
#.### #.......#########.....##
....# #######)### ##..####
....##### ######@o.# #......
........# #.....W#.## #..)...
#.#.....# #......#..# #......
#.#.....# #......##.# #......
#.#.....# #.........#######..#.#.
#.#.....# #......................
#.#.....# #......................
#.##...#######...................
#.#......# #...................


You could see Gwenloh's ghost and an orc.

Vanquished Creatures
  Edmund (D:4)
  A black bear (D:4)
  A sky beast (D:2)
  An ogre (D:4)
  Crazy Yiuf (D:3)
  5 orc priests (D:4)
  Ijyb (D:4)
  Terence (D:3)
  An orc wizard (D:3)
  5 adders
  3 river rats (D:4)
  4 worms
  4 dart slugs
  12 orcs
  7 endoplasms
  3 giant cockroaches
  6 goblins (D:1)
  10 hobgoblins
  2 jackals (D:1)
  2 quokkas (D:1)
  6 ball pythons
  5 bats
  4 frilled lizards (D:1)
  7 kobolds
  7 rats
100 creatures vanquished.

Notes
Turn   | Place    | Note
-------+----------+-------------------------------------------
     0 | D:1      | Gwenloh the Deep Dwarf Necromancer began the quest for the
                  | Orb.
     0 | D:1      | Reached XP level 1. HP: 15/15 MP: 3/3
   318 | D:1      | Reached XP level 2. HP: 17/22 MP: 1/5
   735 | D:1      | Reached skill level 5 in Necromancy
  1020 | D:1      | Reached XP level 3. HP: 18/28 MP: 2/6
  1075 | D:1      | Learned a level 3 spell: Vampiric Draining
  1823 | D:2      | Reached skill level 1 in Armour
  2174 | D:2      | Reached XP level 4. HP: 36/36 MP: 7/7
  2794 | D:2      | Learned a level 4 spell: Animate Dead
  2952 | D:3      | Noticed Terence
  2959 | D:3      | Killed Terence
  3231 | D:3      | Reached XP level 5. HP: 42/42 MP: 7/9
  3270 | D:3      | Reached skill level 6 in Necromancy
  3303 | D:3      | Found a faded altar of an unknown god.
  3444 | D:3      | Found Cyugin's Weapon Emporium.
  3464 | D:3      | Noticed a sky beast
  3501 | D:2      | Killed a sky beast
  3759 | D:3      | Reached skill level 1 in Fighting
  3853 | D:3      | Reached XP level 6. HP: 15/51 MP: 10/10
  3912 | D:3      | Found a runed translucent door.
  3913 | D:3      | Noticed Crazy Yiuf
  4009 | D:3      | Found a radiant altar of Vehumet.
  4012 | D:3      | Found a basalt altar of Yredelemnul.
  4303 | D:3      | Killed Crazy Yiuf
  4628 | D:4      | Reached skill level 7 in Necromancy
  4745 | D:4      | Found a runed translucent gate.
  4787 | D:4      | Noticed Edmund
  4848 | D:4      | Killed Edmund
  4849 | D:4      | Reached XP level 7. HP: 52/60 MP: 1/12
  4994 | D:4      | Found a staircase to the Ecumenical Temple.
  5026 | Temple   | Entered the Ecumenical Temple
  5071 | Temple   | Became a worshipper of Kikubaaqudgha
  5087 | D:4      | Noticed Ijyb
  5095 | D:4      | Killed Ijyb
  5563 | D:4      | Found a runed translucent gate.
  5607 | D:4      | Reached skill level 8 in Necromancy
  5802 | D:4      | Identified the +1 chain mail of the Eleven Beggars {Int+6}
  5803 | D:4      | Found a runed translucent gate.
  5807 | D:4      | Noticed Gwenloh's ghost (novice MiWr)
  6364 | D:3      | Slain by Gwenloh's ghost

Illustrated notes

Levels and vault maps discovered:
D:1:      dpeg_arrival_simpleton_c, layout_loops_cross, minmay_pentomino_x4
D:2:      wander_river, layout_basic
D:3:      layout_basic, nicolae_overflow_hidden_temple,
          hellmonk_ecumenical_altar_run_dry, serial_shops, shop_statue,
          uniq_crazy_yiuf_cottage, uniq_terence
D:4:      black_bear_nest_2, layout_basic, temple_fountains,
          portal_sewer_entry_e, biasface_ghost_orc_armoury, uniq_ijyb,
          uniq_edmund
Temple:   cyrus_circular_temple

Skill      XL: |  1  2  3  4  5  6  7 |
---------------+----------------------+-----
Spellcasting   | 2 3 |  3.9
Necromancy     | 5 6 7 8 |  8.2
Armour         | 1 2 |  2.0
Fighting       | 1 2 |  2.8
Dodging        | |  2.1
Stealth        | |  2.4

Action                   |  1- 3 |  4- 6 |  7- 9 || total
-------------------------+-------+-------+-------++-------
Melee: Unarmed           |     4 |       |       ||     4
       Short sword       |    19 |       |       ||    19
       Whip              |       |     4 |       ||     4
       Flail             |       |       |    24 ||    24
 Fire: Hunting sling     |     7 |    76 |    20 ||   103
Throw: Stone             |     7 |       |       ||     7
 Cast: Pain              |    71 |    30 |     3 ||   104
       Vampiric Draining |     5 |    30 |    19 ||    54
 Abil: Heal Wounds       |       |     2 |     1 ||     3
Evoke: Wand              |       |     1 |       ||     1
 Stab: Sleeping          |       |       |     1 ||     1
Armor: Leather armour    |    10 |     9 |     8 ||    27
       Robe              |     1 |       |       ||     1
Dodge: Dodged            |     9 |    16 |    26 ||    51
Block: Buckler           |       |       |     1 ||     1

Table legend: (Time is in decaauts)
 A = Elapsed time spent in this place.
 B = Non-inter-level travel time spent in this place.
 C = Inter-level travel time spent in this place.
 D = Time resting spent in this place.
 E = Time spent auto-exploring this place.
 F = Levels seen in this place.
 G = Mean time per level.
                   A        B        C        D        E       F      G
               +--------+--------+--------+--------+--------+-----+--------+
         Total |   6418 |   6147 |    271 |    660 |   4181 |   5 | 1283.6 |
       Dungeon |   6366 |   6097 |    269 |    660 |   4139 |   4 | 1591.5 |
        Temple |     52 |     50 |      2 |      0 |     42 |   1 |   52.0 |
               +--------+--------+--------+--------+--------+-----+--------+

Top non-repeatable levels by time:
     D:4: 1664 daAuts
     D:1: 1634 daAuts
     D:3: 1573 daAuts
     D:2: 1493 daAuts
  Temple: 52 daAuts
